 Dungeon Crawl Stone Soup version 0.29-a0-982-gaed3a0c8d8 (webtiles) character file.

Game seed: 4167906823315358332

147 vurker the Shooter (level 5, 0/35 (42) HPs)
             Began as a Formicid Hunter on Aug 1, 2022.
             Slain by Eustachio
             ... wielding a +0 rapier
              (1 damage)
             ... on level 4 of the Dungeon.
             The game lasted 00:03:35 (2494 turns).

vurker the Shooter (Formicid Hunter)                Turns: 2494, Time: 00:03:36

HP:   0/35 (42)     AC: 12    Str: 18    XL:     5   Next: 54%
MP:   5/5           EV:  7    Int:  8    God:
Gold: 154           SH:  5    Dex: 17    Spells: 4/4 levels left

rFire   . . .      SeeInvis +   a - +0 shortbow
rCold   + . .      Faith    .   (no shield)
rNeg    . . .      Spirit   .   t - +4 chain mail {rC+}
rPois   .          Reflect  +   (helmet unavailable)
rElec   .          Harm     .   (no cloak)
rCorr   .          Rampage  .   (no gloves)
Will    .....                   (no boots)
Stlth   ..........              k - amulet of reflection
HPRegen 0.11/turn               (no ring)
MPRegen 0.09/turn               (no ring)

@: heavily drained
A: permanent stasis, dig shafts and tunnels, antennae 3, four strong arms
a: Dig, Shaft Self


You were on level 4 of the Dungeon.
You visited 1 branch of the dungeon, and saw 4 of its levels.

You collected 154 gold pieces.

Inventory:

Hand Weapons
 a - a +0 shortbow (weapon)
Armour
 t - a +4 chain mail of cold resistance (worn)
   (You took it off Terence on level 3 of the Dungeon)
Jewellery
 k - an amulet of reflection (around neck)
   (You found it on level 2 of the Dungeon)
Wands
 d - a wand of iceblast (6)
   (You took it off Ijyb on level 3 of the Dungeon)
 u - a wand of paralysis (8)
   (You found it on level 2 of the Dungeon)
Scrolls
 b - 2 scrolls of immolation
 g - a scroll of brand weapon {unknown}
 h - a scroll of amnesia {unknown}
 n - 3 scrolls of enchant weapon {unknown}
 o - a scroll of torment {unknown}
 p - a scroll of fear {unknown}
 q - a scroll of acquirement {unknown}
 r - a scroll of teleportation {unknown}
 s - a scroll of identify {unknown}
Potions
 e - a potion of heal wounds {unknown}
 f - 2 potions of curing {unknown}
 i - a potion of degeneration {unknown}
 j - 2 potions of haste {unknown}
 l - 2 potions of magic {unknown}
 m - 3 potions of cancellation {unknown}


   Skills:
 + Level 3.7 Fighting
 * Level 5.7 Ranged Weapons
 - Level 1.7 Dodging
 - Level 1.2 Stealth


You had 4 spell levels left.
You didn't know any spells.
Your spell library contained the following spells:

 Spells                   Type           Power      Damage    Failure   Level
 Apportation              Tloc           0%         N/A       100%        1
 Necrotise                Necr           0%         1d4       100%        1
 Slow                     Hex            0%         N/A       100%        1
 Summon Small Mammal      Summ           0%         N/A       100%        1
 Ensorcelled Hibernation  Hex/Ice        0%         N/A       100%        2
 Confusing Touch          Hex            0%         N/A       100%        3
 Spider Form              Tmut/Pois      0%         N/A       100%        3
 Vampiric Draining        Necr           0%         2d6       100%        3
 Anguish                  Hex/Necr       0%         N/A       100%        4


Dungeon Overview and Level Annotations

Branches:
Dungeon (4/15)
 Temple: D:4-7

Altars:

Annotations:
D:3 3 runed translucent doors, leavemydog's ghost, amateur HOFi
D:4 Eustachio


Innate Abilities, Weirdness & Mutations

You cannot be hasted, slowed, berserked, paralysed or teleported.
You can dig through walls and to a lower floor.
You have a pair of large antennae on your head. (SInv)
Your four strong arms can wield two-handed weapons with a shield.


Message History

Eustachio closely misses you.
Eustachio mumbles some strange words.
Eustachio blinks!
Fire: a) +0 shortbow
Aim: Eustachio, wielding a +0 rapier and wearing a +2 leather armour of cold resistance (severely wounded, 53% to hit)
You shoot an arrow. The arrow closely misses Eustachio.
Eustachio hits you with a +0 rapier.
* * * LOW HITPOINT WARNING * * *
Eustachio completely misses you.
Fire: a) +0 shortbow
Aim: Eustachio, wielding a +0 rapier and wearing a +2 leather armour of cold resistance (severely wounded, 53% to hit)
You shoot an arrow. The arrow closely misses Eustachio.
Eustachio hits you with a +0 rapier.
* * * LOW HITPOINT WARNING * * *
Fire: a) +0 shortbow
Aim: Eustachio, wielding a +0 rapier and wearing a +2 leather armour of cold resistance (severely wounded, 53% to hit)
You shoot an arrow. The arrow misses Eustachio.
Eustachio closely misses you. You block Eustachio's attack.
Fire: a) +0 shortbow
Aim: Eustachio, wielding a +0 rapier and wearing a +2 leather armour of cold resistance (severely wounded, 53% to hit)
You shoot an arrow.
The arrow hits Eustachio but does no damage.
Eustachio casts a spell.
Eustachio blinks!
Fire: a) +0 shortbow
Aim: Eustachio, wielding a +0 rapier and wearing a +2 leather armour of cold resistance (severely wounded, 53% to hit)
You shoot an arrow.
The arrow hits Eustachio but does no damage.
Eustachio hits you with a +0 rapier.
* * * LOW HITPOINT WARNING * * *
Fire: a) +0 shortbow
Aim: Eustachio, wielding a +0 rapier and wearing a +2 leather armour of cold resistance (severely wounded, 53% to hit)
You shoot an arrow.
The arrow hits Eustachio but does no damage.
Eustachio hits you but does no damage. Eustachio closely misses you.
Fire: a) +0 shortbow
Aim: Eustachio, wielding a +0 rapier and wearing a +2 leather armour of cold resistance (severely wounded, 53% to hit)
You shoot an arrow. The arrow barely misses Eustachio.
Eustachio hits you but does no damage. x2
Fire: a) +0 shortbow
Aim: Eustachio, wielding a +0 rapier and wearing a +2 leather armour of cold resistance (severely wounded, 53% to hit)
You shoot an arrow.
The arrow hits Eustachio but does no damage.
Eustachio hits you with a +0 rapier.
* * * LOW HITPOINT WARNING * * *
Fire: a) +0 shortbow
Aim: Eustachio, wielding a +0 rapier and wearing a +2 leather armour of cold resistance (severely wounded, 53% to hit)
You shoot an arrow. The arrow completely misses Eustachio.
Eustachio hits you with a +0 rapier.
You die...

#.# #.#
#.# { #.#
#.###
#.#5#
#5..#
#.#.####
#r#.ยง#@#
..#.#@##
...#.###
..#.#.#
.....#.#
{
......(.#
###


You could see Eustachio.

Vanquished Creatures
  A hound (D:3)
  Terence (D:3)
  Ijyb (D:3)
  An adder (D:3)
  A worm (D:2)
  2 dart slugs (D:3)
  An orc (D:3)
  5 bats
  6 endoplasms
  4 giant cockroaches
  A goblin (D:1)
  4 hobgoblins
  2 quokkas
  6 ball pythons
  2 frilled lizards (D:1)
  5 kobolds
  6 rats
49 creatures vanquished.

Vanquished Creatures (others)
  2 fungi (D:3)
  2 plants (D:3)
4 creatures vanquished.

Grand Total: 53 creatures vanquished

Notes
Turn   | Place    | Note
-------+----------+-------------------------------------------
     0 | D:1      | vurker the Formicid Hunter began the quest for the Orb.
     0 | D:1      | Reached XP level 1. HP: 16/16 MP: 1/1
   122 | D:1      | Reached XP level 2. HP: 13/23 MP: 2/2
   417 | D:1      | Found a faded altar of an unknown god.
   776 | D:1      | Reached XP level 3. HP: 28/28 MP: 3/3
  1317 | D:3      | Noticed Ijyb
  1325 | D:3      | Killed Ijyb
  1326 | D:3      | Reached skill level 5 in Ranged Weapons
  1326 | D:3      | Reached XP level 4. HP: 28/35 MP: 4/4
  1569 | D:3      | Noticed Terence
  1577 | D:3      | Killed Terence
  1584 | D:3      | Reached XP level 5. HP: 35/41 MP: 5/5
  1993 | D:3      | Found a runed translucent gate.
  1995 | D:3      | Found a runed translucent gate.
  1995 | D:3      | Noticed a kobold brigand
  1996 | D:3      | Found a runed translucent gate.
  1998 | D:3      | Noticed leavemydog's ghost (amateur HOFi)
  2436 | D:4      | Noticed Eustachio
  2493 | D:4      | HP: 1/35 [Eustachio/+0 rapier (3)]
  2494 | D:4      | Slain by Eustachio

Illustrated notes

Levels and vault maps discovered:
D:1:      eino_arrival_water_cross, layout_loops_ring,
          hellmonk_ecumenical_altar_blasted
D:2:      layout_rooms, nicolae_underground_beach
D:3:      layout_basic, gammafunk_ghost_nasty_kobolds, serial_rivers,
          chequers_serial_rivers_micro_e, chequers_serial_rivers_room_a,
          chequers_serial_rivers_small_a, chequers_serial_rivers_micro_d,
          chequers_serial_rivers_marsh, chequers_serial_rivers_micro_d,
          hex_large, hangedman_decor_clover_reticule, uniq_terence, uniq_ijyb
D:4:      layout_basic, general_overflow_altar, amcnicky_altar_gilded,
          kennysheep_little_box, nicolae_overflow_two_pavilions,
          hangedman_abyss_or_decor_slice, uniq_eustachio, uniq_edmund

Skill      XL: |  1  2  3 |
---------------+----------+-----
Fighting       | 3 |  3.7
Ranged Weapons | 5 |  5.7
Dodging        | |  1.7
Stealth        | |  1.2

Action                   |  1- 3 |  4- 6 || total
-------------------------+-------+-------++-------
 Fire: Shortbow          |    84 |   107 ||   191
 Abil: Dig               |       |     2 ||     2
Evoke: Wand              |       |     2 ||     2
Armor: Leather armour    |     7 |     3 ||    10
       Chain mail        |       |    28 ||    28
Dodge: Dodged            |    14 |    28 ||    42
Block: Other             |     2 |    18 ||    20

Table legend: (Time is in decaauts)
 A = Elapsed time spent in this place.
 B = Non-inter-level travel time spent in this place.
 C = Inter-level travel time spent in this place.
 D = Time resting spent in this place.
 E = Time spent auto-exploring this place.
 F = Levels seen in this place.
 G = Mean time per level.
                   A        B        C        D        E       F      G
               +--------+--------+--------+--------+--------+-----+--------+
         Total |   2565 |   2500 |     65 |      0 |   2039 |   4 |  641.2 |
       Dungeon |   2565 |   2500 |     65 |      0 |   2039 |   4 |  641.2 |
               +--------+--------+--------+--------+--------+-----+--------+

Top non-repeatable levels by time:
     D:3: 1166 daAuts
     D:1: 844 daAuts
     D:2: 464 daAuts
     D:4: 89 daAuts
